 Dungeon Crawl Stone Soup version 0.27-a0-385-g3208abaabc (webtiles) character file.

Game seed: 5876375185113923218

21 dickylongcocking the Vexing (level 2, -1/12 HPs)
             Began as a Felid Enchanter on Feb 19, 2021.
             Killed by divine providence
             ... invoked by an orc priest
              (13 damage)
             ... on level 3 of the Dungeon.
             The game lasted 00:00:48 (1203 turns).

dickylongcocking the Vexing (Felid Enchanter)       Turns: 1203, Time: 00:00:48

Health: -1/12      AC:  1    Str:  4    XL:     2   Next: 65%
Magic:  6/6        EV: 18    Int: 16    God:
Gold:   62         SH:  0    Dex: 16    Spells: 4/5 levels left
                                        Lives:  0   Deaths: 0

rFire    . . .     SeeInvis +     - Unarmed
rCold    . . .     Faith    .   (shield unavailable)
rNeg     . . .     Spirit   .   (armour unavailable)
rPois    .         Reflect  .   (helmet unavailable)
rElec    .         Harm     .   (cloak unavailable)
rCorr    .         Rampage  .   (gloves unavailable)
Will     .....                  (boots unavailable)
Stlth    +++.......             (no amulet)
HPRegen  0.04/turn              (no ring)
MPRegen  0.10/turn              (no ring)

@: quick
A: very small, no armour, no weapons or thrown items, stealth, claws 1, fangs 3,
see invisible, speed 1, shaggy fur 1, sharp paws
a: no special abilities


You were on level 3 of the Dungeon.
You visited 1 branch of the dungeon, and saw 3 of its levels.

You collected 62 gold pieces.

Inventory:

Jewellery
 c - a ring of see invisible {unknown}
 h - a +4 ring of protection {unknown}
 j - a +4 ring of evasion {unknown}
Scrolls
 a - 3 scrolls of identify {unknown}
 b - 2 scrolls of enchant armour {unknown}
 e - a scroll of amnesia {unknown}
 g - a scroll of fear {unknown}
 i - a scroll of fog {unknown}
 k - 2 scrolls of enchant weapon {unknown}
 l - a scroll of random uselessness {unknown}
 m - a scroll of teleportation {unknown}
Potions
 d - a potion of flight {unknown}
 f - a potion of curing {unknown}
 n - a potion of attraction {unknown}


   Skills:
 * Level 0.5 Fighting
 * Level 3.0 Dodging
 * Level 4.2 Stealth
 * Level 2.1 Unarmed Combat
 - Level 2.0 Spellcasting
 - Level 4.4 Hexes


You had 4 spell levels left.
You knew the following spells:

 Your Spells              Type           Power        Failure   Level
a - Corona                Hex            16%          3%          1

Your spell library contained the following spells:

 Spells                   Type           Power        Failure   Level
 Confusing Touch          Hex            15%          11%         3
 Tukima's Dance           Hex            15%          11%         3
 Ensorcelled Hibernation  Hex/Ice        16%          13%         2
 Dazzling Flash           Conj/Hex       16%          26%         3


Dungeon Overview and Level Annotations

Branches:
Dungeon (3/15)

Altars:
Qazlal


Innate Abilities, Weirdness & Mutations

You cannot wear armour.
You are incapable of wielding weapons or throwing items.
Your paws allow you to move quietly. (Stealth)
You have sharp claws.
You have razor-sharp teeth.
You have supernaturally acute eyesight. (SInv)
You cover ground quickly.
You are covered in fur. (AC +1)
Your sharp claws are effective at attacking unaware monsters.


Message History

No reachable target in view!
You enter the shallow water.
Moving in this stuff is going to be slow.
Why would you want to do that?
Found 21 stones.
The rat completely misses you.
Your unstable footing causes you to fumble your attack.
The rat closely misses you.
You scratch the rat.
You kill the rat!
No target in view!
No target in view!
You now have 62 gold pieces (gained 7).
You enter the shallow water.
Moving in this stuff is going to be slow.
An orc wizard comes into view. It is wielding a +0 dagger.
The orc wizard shouts!
You hear a shout!
Found a smoky red potion.
You see here 21 stones.
An orc wizard is nearby!
An orc wizard is nearby!
You enter the shallow water.
Moving in this stuff is going to be slow.
A giant cockroach and an orc come into view.
There are monsters nearby!
An orc comes into view.
The orc shouts!
You hear a shout!
The orc wizard gestures at itself while chanting.
The orc wizard flickers and vanishes for a moment.
Found a scroll labelled NEDAMN IPHAOM.
You see here a scroll labelled FYUTIM MATAURCH.
The orc shouts!
An orc priest comes into view. It is wielding a +0 dagger.
The orc wizard completely misses you.
Found a stormy altar of Qazlal.
You miss the orc wizard.
The orc priest mumbles some strange prayers to Beogh against you.
Beogh smites you!
Ouch! That really hurt!
You die...

..........# #.#..
...........## #.#.######
_.........!. #.#.#.#...
...........####.#.#.##.#
.?............#.#......#
..........(≈.≈.≈≈≈..≈.##
.........≈.≈≈≈≈.....≈...
oo.o....?.≈≈≈≈≈≈≈≈≈...##
......B@≈.≈≈≈≈≈≈≈≈≈...#
......o...≈≈≈≈≈≈≈≈≈...#
.........≈≈≈≈≈.≈≈≈≈≈..#
..........≈≈≈≈_≈≈≈≈≈..#
########..≈≈≈≈..≈≈≈≈..#
#.≈≈≈≈≈≈≈≈≈≈≈.##
#≈.≈≈≈≈≈≈≈≈≈.≈#
.≈≈≈≈≈≈≈≈≈≈..#
.≈.....≈≈.≈..#


You could see an orc priest, an orc wizard (invisible), 2 orcs and a giant
cockroach.

Vanquished Creatures
  A worm (D:2)
  3 giant cockroaches
  A goblin (D:2)
  2 hobgoblins
  4 bats
  2 frilled lizards (D:1)
  2 kobolds
  4 rats
19 creatures vanquished.

Notes
Turn   | Place    | Note
-------+----------+-------------------------------------------
     0 | D:1      | dickylongcocking the Felid Enchanter began the quest for
                  | the Orb.
     0 | D:1      | Reached XP level 1. HP: 7/7 MP: 4/4
   544 | D:2      | Reached XP level 2. HP: 11/11 MP: 6/6
  1170 | D:3      | Found a faded altar of an unknown god.
  1202 | D:3      | Found a stormy altar of Qazlal.
  1203 | D:3      | Killed from afar by an orc priest

Illustrated notes

Levels and vault maps discovered:
D:1:      minmay_arrival_stone_box, layout_loops_ring, serial_bayou_pond_c,
          minmay_pentomino_p2
D:2:      layout_loops_cross
D:3:      layout_basic, grunt_temple_overflow_open, marbit_many_paths,
          nicolae_overflow_crystal_walls, chequers_ecumenical_altar_island,
          portal_sewer_entry_b

Skill      XL: |  1  2 |
---------------+-------+-----
Unarmed Combat | 2 |  2.1
Dodging        | 3 |  3.0
Fighting       | |  0.5
Stealth        | |  4.2
Spellcasting   | |  2.0
Hexes          | |  4.4

Action                   || total
-------------------------++-------
Melee: Unarmed           ||    64
       Bite              ||     5
 Stab: Sleeping          ||    11
Armor: Skin              ||     3
Dodge: Dodged            ||    58

Table legend: (Time is in decaauts)
 A = Elapsed time spent in this place.
 B = Non-inter-level travel time spent in this place.
 C = Inter-level travel time spent in this place.
 D = Time resting spent in this place.
 E = Time spent auto-exploring this place.
 F = Levels seen in this place.
 G = Mean time per level.
                   A        B        C        D        E       F      G
               +--------+--------+--------+--------+--------+-----+--------+
         Total |   1020 |   1005 |     15 |      0 |    831 |   3 |  340.0 |
       Dungeon |   1020 |   1005 |     15 |      0 |    831 |   3 |  340.0 |
               +--------+--------+--------+--------+--------+-----+--------+

Top non-repeatable levels by time:
     D:2: 574 daAuts
     D:1: 409 daAuts
     D:3: 36 daAuts
